 Dungeon Crawl Stone Soup version 0.25-a0-591-g2ad0d86 (webtiles) character file.

Game seed: 792602667605798908, levelgen mode: deterministic

149 Faels the Slasher (level 5, -7/41 HPs)
             Began as a Demonspawn Fighter on Mar 13, 2020.
             Mangled by an ogre
             ... wielding a +0 giant club
              (19 damage)
             ... on level 4 of the Dungeon.
             The game lasted 00:07:00 (2761 turns).

Faels the Slasher (Demonspawn Fighter)              Turns: 2761, Time: 00:07:01

Health: -7/41      AC:  6    Str: 16    XL:     5   Next: 9%
Magic:  0/5        EV:  8    Int:  9    God:
Gold:   154        SH: 17    Dex: 16    Spells: 4/4 levels left

rFire    + . .     SeeInvis .   a - +0 long sword
rCold    . . .     Gourm    .   c - +4 kite shield
rNeg     . . .     Faith    .   s - -2 scale mail (curse)
rPois    .         Spirit   +   (helmet restricted)
rElec    .         Reflect  .   l - +0 cloak
rCorr    .         Harm     .   (no gloves)
MR       .....                  k - +0 pair of boots
Stlth    +.........             (no amulet)
HPRegen  0.13/turn              j - ring of protection from fire
MPRegen  0.09/turn              (no ring)

@: no status effects
A: antennae 1, talons 1, large bone plates 1, agile 1, magic shield
a: no special abilities


You were on level 4 of the Dungeon.
You were not hungry.

You visited 1 branch of the dungeon, and saw 4 of its levels.

You collected 154 gold pieces.

Inventory:

Hand Weapons
 a - a +0 long sword (weapon)
 m - a +0 mace of holy wrath
 q - a +0 rapier
Missiles
 o - 36 poisoned darts (quivered)
Armour
 b - a +0 scale mail
 c - a +4 kite shield (worn)
 k - a +0 pair of boots (worn)
 l - a +0 cloak (worn)
 n - a +0 ring mail
 s - a cursed -2 scale mail (worn)
Jewellery
 j - a ring of protection from fire (left hand)
Scrolls
 d - a scroll of amnesia
 i - a scroll of noise {unknown}
Potions
 e - a potion of mutation
 h - 3 potions of curing
 r - 2 potions of heal wounds {unknown}
 t - a potion of flight {unknown}
 u - 2 potions of haste {unknown}
 v - a potion of brilliance {unknown}
Comestibles
 f - 8 rations
 g - 4 chunks of flesh


   Skills:
 - Level 3.0 Fighting
 * Level 3.5 Long Blades
 + Level 1.2 Throwing
 - Level 2.6 Armour
 + Level 1.9 Dodging
 + Level 1.5 Stealth
 - Level 2.6 Shields


You had 4 spell levels left.
You didn't know any spells.
Your spell library contained the following spells:

 Spells                   Type           Power        Failure   Level  Hunger
 Animate Skeleton         Necr           N/A          100%        1    ##.....
 Pain                     Necr           #...         100%        1    ##.....
 Vampiric Draining        Necr           #.........   100%        3    ####...
 Animate Dead             Necr           N/A          100%        4    #####..
 Agony                    Necr           #.......     100%        5    ######.


Dungeon Overview and Level Annotations

Branches:
Dungeon (4/15)
 Temple: D:4-7

Altars:
Hepliaklqana
Qazlal


Innate Abilities, Weirdness & Mutations

You have sharp toenails.
You are partially covered in large bone plates. (SH +4)
When hurt, damage is shared between your health and your magic reserves.
You have a pair of small antennae on your head.
You are agile. (Dex +2)


Message History

The ogre is lightly wounded.
The gnoll closely misses you. You block the ogre's attack.
You slash the ogre!
The ogre is heavily wounded.
You block the gnoll's attack. The ogre hits you but does no damage.
You block the gnoll's attack.
You hit the ogre but do no damage.
The ogre is heavily wounded.
You block the ogre's attack. You block the gnoll's attack.
You hit the ogre.
The ogre is heavily wounded.
The ogre closely misses you.
You riposte.
You hit the ogre.
The ogre is severely wounded.
The gnoll hits you from afar with a +0 spear.
* * * LOW HITPOINT WARNING * * *
You hit the ogre.
The ogre is severely wounded.
The gnoll barely misses you.
The ogre hits you with a +0 giant club!!
You die...

##..##.#####.###.####
#....## ##...<....
..###..##.##
##.##...###
...........###.## ..#
####...###.#.## .#
###...####.## ..
.#.......#### . #.
#...<.....#######..=.
#...........@Ogg.....
#..##...#.#######..#.
#.. #...#.# #>
##.##.. #. .... ##
#.### #.# #.#


You could see an ogre and 2 gnolls.

Vanquished Creatures
  Jessica (D:3)
  An orc wizard (D:3)
  A gnoll (D:4)
  2 adders
  3 worms
  2 dart slugs (D:3)
  2 leopard geckos
  5 orcs
  2 ball pythons (D:2)
  3 bats
  3 giant cockroaches (D:1)
  9 goblins
  5 hobgoblins
  A quokka (D:3)
  5 frilled lizards
  5 kobolds
  7 rats
57 creatures vanquished.

Notes
Turn   | Place    | Note
-------+----------+-------------------------------------------
     0 | D:1      | Faels the Demonspawn Fighter began the quest for the Orb.
     0 | D:1      | Reached XP level 1. HP: 18/18 MP: 1/1
   124 | D:1      | Gained mutation: You are partially covered in large bone
                  | plates. (SH +4) [demonic ancestry]
   124 | D:1      | Reached XP level 2. HP: 24/24 MP: 2/2
   454 | D:1      | Reached skill level 1 in Dodging
   993 | D:2      | Gained mutation: You have sharp toenails. [demonic
                  | ancestry]
   993 | D:2      | Reached XP level 3. HP: 29/29 MP: 3/3
  1070 | D:2      | Found a hazy altar of Hepliaklqana.
  1998 | D:3      | Reached skill level 1 in Stealth
  2030 | D:3      | Noticed Jessica
  2033 | D:3      | Killed Jessica
  2033 | D:3      | Reached XP level 4. HP: 29/35 MP: 4/4
  2218 | D:3      | Found a stormy altar of Qazlal.
  2271 | D:3      | Reached skill level 1 in Throwing
  2302 | D:3      | Gained mutation: You have a pair of small antennae on your
                  | head. [potion of mutation]
  2302 | D:3      | Gained mutation: You are agile. (Dex +2) [potion of
                  | mutation]
  2732 | D:4      | Gained mutation: When hurt, damage is shared between your
                  | health and your magic reserves. [demonic ancestry]
  2732 | D:4      | Reached XP level 5. HP: 39/41 MP: 5/5
  2750 | D:4      | Noticed an ogre
  2761 | D:4      | Mangled by an ogre

Levels and vault maps discovered:
D:1:      tarquinn_simple_flora_water_b, layout_basic, minmay_tiny_reverse_x
D:2:      layout_loops_corners, lemuel_coloured_pillars_altar
D:3:      layout_rooms, serial_glass, glass_columns_a, glass_columns_a,
          first_ration, grunt_qazlal_clouds, uniq_jessica
D:4:      layout_loops_ring

Skill      XL: |  1  2  3  4 |
---------------+-------------+-----
Long Blades    | 2 3 |  3.5
Dodging        | 1 |  1.9
Stealth        | 1 |  1.5
Throwing       | 1 |  1.2
Fighting       | |  3.0
Armour         | |  2.6
Shields        | |  2.6

Action                   |  1- 3 |  4- 6 || total
-------------------------+-------+-------++-------
Melee: Long sword        |   145 |    62 ||   207
Throw: Dart              |     6 |       ||     6
  Use: Scroll            |     8 |     2 ||    10
       Potion            |       |     2 ||     2
  Eat: Chunk             |     4 |     2 ||     6
Armor: Scale mail        |    30 |    13 ||    43
       Ring mail         |    37 |       ||    37
Dodge: Dodged            |    42 |    13 ||    55
Block: Kite shield       |   152 |    42 ||   194
       Rpst.: Long sword |    18 |     3 ||    21

Table legend:
 A = Non-vault XP
 B = Vault XP
 C = Vault XP percentage of total XP
 D = Non-vault monster count
 E = Vault monster count
 F = Vault count percentage of total count
                 A         B        C        D         E       F
            +---------+---------+-------+---------+---------+-------
      Total |     172 |      41 |  19.2 |      54 |       3 |   5.3
            +---------+---------+-------+---------+---------+-------
        D:1 |      31 |       4 |  11.4 |      21 |       2 |   8.7
        D:2 |      31 |       0 |   0.0 |      12 |       0 |   0.0
        D:3 |      91 |      37 |  28.9 |      19 |       1 |   5.0
        D:4 |      19 |       0 |   0.0 |       2 |       0 |   0.0
            +---------+---------+-------+---------+---------+-------
